 Dungeon Crawl Stone Soup version 0.29.1-1-gd02db6906a (console) character file.

Game seed: 14490509555597405420

4 sentinel the Digger (level 1, 1/14 HPs)
             Began as a Meteoran Earth Elementalist on Oct 14, 2022.
             Quit the game on level 1 of the Dungeon.
             The game lasted 00:00:05 (43 turns).

sentinel the Digger (Meteoran Earth Elementalist)     Turns: 43, Time: 00:00:05

Health: 1/14       AC:  2    Str:  9    XL:     1   Next: 85%
Magic:  0/5        EV: 12    Int: 16    God:
Gold:   0          SH:  0    Dex: 14    Spells: 4/5 levels left

rFire   . . .      SeeInvis .   (no weapon)
rCold   . . .      Faith    .   (no shield)
rNeg    . . .      Spirit   .   a - +0 robe
rPois   .          Reflect  .   (no helmet)
rElec   .          Harm     .   (no cloak)
rCorr   .          Rampage  .   (no gloves)
Will    .....                   (no boots)
Stlth   +.........              (no amulet)
HPRegen 0.04/turn               (no ring)
MPRegen 0.09/turn               (no ring)

@: glowing
A: sense surroundings 1, otherworldly, glowing, explore regen
a: no special abilities


You were on level 1 of the Dungeon.
You visited 1 branch of the dungeon, and saw 1 of its levels.

Inventory:

Armour
 a - a +0 robe (worn)
Potions
 b - a potion of magic
 c - a potion of curing {unknown}


   Skills:
 - Level 2.4 Dodging
 - Level 1.4 Stealth
 - Level 2.6 Spellcasting
 - Level 1.2 Transmutations
 + Level 4.0 Earth Magic


You had 4 spell levels left.
You knew the following spells:

 Your Spells              Type           Power      Damage    Failure   Level
a - Sandblast             Erth           30%        2d9       3%          1

Your spell library contained the following spells:

 Spells                   Type           Power      Damage    Failure   Level
 Passwall                 Tmut/Erth      8%         N/A       10%         2
 Stone Arrow              Conj/Erth      16%        3d8       26%         3
 Petrify                  Tmut/Erth      10%        N/A       54%         4


Dungeon Overview and Level Annotations

Branches:
Dungeon (1/15) Zot: 554

Altars:


Innate Abilities, Weirdness & Mutations

You passively map a small area around you.
You are easily found by Zot.
You glow in the dark.
You regain HP and MP as you explore.


Message History

You see here a scarf of resistance.
Unknown command.
A frilled lizard comes into view.
Unknown command.
But you're not safe!
Unknown command.
A quokka comes into view.
Found a scroll labelled GYXY UBULUDDE.
The blast of sand misses the quokka.
Unknown command.
The blast of sand hits the quokka!
You kill the quokka!
Unknown command.
The blast of sand misses the frilled lizard.
Unknown command.
The blast of sand hits the frilled lizard!
You kill the frilled lizard!
Unknown command.
No target in view!
No target in view!
You can't see any susceptible monsters within range! (Use Z to cast anyway.) Unknown command.
You can't see any susceptible monsters within range! (Use Z to cast anyway.) Unknown command.
You can't see any susceptible monsters within range! (Use Z to cast anyway.) Unknown command.
You can't see any susceptible monsters within range! (Use Z to cast anyway.) Unknown command.
No target in view!
No target in view!
You can't see any susceptible monsters within range! (Use Z to cast anyway.) Unknown command.
You can't see any susceptible monsters within range! (Use Z to cast anyway.) Unknown command.
You can't see any susceptible monsters within range! (Use Z to cast anyway.) Unknown command.
You can't see any susceptible monsters within range! (Use Z to cast anyway.) Unknown command.
There is an escape hatch in the floor here.
A ball python comes into view.
The ball python hisses angrily.
Unknown command.
But you're not safe!
Unknown command.
But you're not safe!
Unknown command.
But you're not safe!
Unknown command.
But you're not safe!
Unknown command.
A kobold comes into view. It is wielding a +0 dagger.
A rat comes into view.
You miscast Sandblast.
You are very lightly contaminated with residual magic.
Nothing appears to happen.
The kobold shouts!
The blast of sand hits the ball python!
You kill the ball python!
Unknown command.
You are out of magic!
Unknown command.
You are out of magic!
Unknown command.
You are out of magic!
Unknown command.
You are out of magic!
Unknown command.
You are out of magic!
Unknown command.
You are out of magic!
Unknown command.
You are out of magic!
Unknown command.
You barely miss the kobold. The kobold hits you with a +0 dagger.
The rat bites you but does no damage.
You hit the kobold but do no damage. The kobold hits you but does no damage.
The rat bites you.
You are out of magic!
Unknown command.
You are out of magic!
Unknown command.
You are out of magic!
Unknown command.
You are out of magic!
Unknown command.
But you're not safe!
Unknown command.
But you're not safe!
Unknown command.
But you're not safe!
Unknown command.
But you're not safe!
Unknown command.
But you're not safe!
Unknown command.
You hit the kobold but do no damage. The rat closely misses you.
The kobold hits you but does no damage.
Your magical contamination has completely faded away.
You miss the kobold. The rat bites you. The kobold closely misses you.
You are out of magic!
Unknown command.
You are out of magic!
Unknown command.
You are out of magic!
Unknown command.
You are out of magic!
Unknown command.
You hit the kobold but do no damage. The kobold closely misses you.
The rat barely misses you.
You hit the kobold.
The kobold is severely wounded.
The kobold hits you with a +0 dagger. The rat bites you.
The blast of sand hits the kobold!
You kill the kobold!
The rat twitches its whiskers.
The rat barely misses you. The rat misses you.
Your Earth Magic skill increases to level 4!
Unknown command.
You are out of magic!
Unknown command.
You are out of magic!
Unknown command.
You are out of magic!
Unknown command.
You barely miss the rat. The rat bites you but does no damage.
You hit the rat but do no damage. The rat bites you.
* * * LOW HITPOINT WARNING * * *
You are too injured to fight recklessly!
Unknown command.
You are too injured to fight recklessly!
Unknown command.
You are too injured to fight recklessly!
Unknown command.
You are too injured to fight recklessly!
Unknown command.
But you're not safe!
Unknown command.
But you're not safe!
Unknown command.
But you're not safe!
Unknown command.
But you're not safe!
Unknown command.
But you're not safe!
Unknown command.
Unknown command.
Unknown command.
Unknown command.
Unknown command.
Are you sure you want to abandon this character and quit the game? (Confirm with "yes".)

#.#####.....#.#....#
......[....##......#
..........†......?.#
###.###.....#......#
*##'###....>.......#
#...##.....##.....##
#...##.....##.?....#
#.<.##....###......##
#...##...## #..@....#
#...###### ###)r...#
##### #.....# #.....#
#.....# * #.....# *
#.....# #.....# *


You could see a rat.

Vanquished Creatures
  A ball python (D:1)
  A quokka (D:1)
  A frilled lizard (D:1)
  A kobold (D:1)
4 creatures vanquished.

Notes
Turn   | Place    | Note
-------+----------+-------------------------------------------
     0 | D:1      | sentinel the Meteoran Earth Elementalist began the quest
                  | for the Orb.
     0 | D:1      | Reached XP level 1. HP: 14/14 MP: 5/5
    41 | D:1      | Reached skill level 4 in Earth Magic
    43 | D:1      | Quit the game

Illustrated notes

Levels and vault maps discovered:
D:1:      dpeg_arrival_rooms_a, layout_rooms,
          shapermc_ecumenical_altar_rom_forum

Skill      XL: |  1 |
---------------+----+-----
Earth Magic    | 4 |  4.0
Dodging        | |  2.4
Stealth        | |  1.4
Spellcasting   | |  2.6
Transmutations | |  1.2

Action                   || total
-------------------------++-------
Melee: Unarmed           ||     8
 Cast: Sandblast         ||     6
Armor: Robe              ||     4
Dodge: Dodged            ||     6
